 Dungeon Crawl Stone Soup version 0.29-a0-284-gf9362112df (webtiles) character file.

Game seed: 18010444222505932192

463 sammy202020 the Chopper (level 6, 0/57 HPs)
             Began as a Minotaur Berserker on Mar 29, 2022.
             Was a Believer of Trog.
             Slain by Edmund
             ... wielding a +1 dire flail of protection
              (10 damage)
             ... on level 4 of the Dungeon.
             The game lasted 00:03:50 (3241 turns).

sammy202020 the Chopper (Minotaur Berserker)        Turns: 3241, Time: 00:03:51

Health: 0/57       AC:  8    Str: 21    XL:     6   Next: 79%
Magic:  5/5        EV: 11    Int:  6    God:    Trog [**....]
Gold:   142        SH:  0    Dex: 10    Spells: 5/5 levels left

rFire   + . .      SeeInvis .   a - +1 hand axe
rCold   . . .      Faith    .   (no shield)
rNeg    . . .      Spirit   .   c - +1 scale mail {rF+}
rPois   .          Reflect  .   (helmet restricted)
rElec   .          Harm     .   (no cloak)
rCorr   .          Rampage  .   (no gloves)
Will    ++...                   (no boots)
Stlth   ..........              (no amulet)
HPRegen 1.19/turn               (no ring)
MPRegen 0.09/turn               (no ring)

@: strong-willed, on berserk cooldown, regenerating, slowed, very slow
A: horns 2, retaliatory headbutt
a: Renounce Religion, Berserk, Trog's Hand


You were on level 4 of the Dungeon.
You worshipped Trog.
Trog was pleased with you.
You visited 1 branch of the dungeon, and saw 4 of its levels.

You collected 142 gold pieces.

Inventory:

Hand Weapons
 a - a +1 hand axe (weapon)
Missiles
 l - 4 poisoned darts (quivered)
Armour
 b - a +0 animal skin
 c - a +1 scale mail of fire resistance (worn)
 g - a +1 chain mail
Jewellery
 h - a ring of positive energy
Potions
 d - a potion of curing
 f - 2 potions of flight
 i - a potion of mutation
 j - a potion of heal wounds


   Skills:
 * Level 5.8 Fighting
 * Level 5.9 Axes
 * Level 5.1 Armour
 + Level 3.5 Dodging


You had 5 spell levels left.
You didn't know any spells.
Your spell library was empty.

Dungeon Overview and Level Annotations

Branches:
Dungeon (4/15)
 Temple: D:4-7

Altars:

Shops:
D:1 =

Annotations:
D:4 Edmund


Innate Abilities, Weirdness & Mutations

You have a pair of horns on your head.
You reflexively headbutt those who attack you in melee.


Message History

Edmund is lightly wounded.
Edmund hits you but does no damage.
You closely miss Edmund. You headbutt Edmund!
Edmund is heavily wounded.
Edmund barely misses you. You furiously retaliate!
You headbutt Edmund, but do no damage. Edmund hits you but does no damage.
You barely miss Edmund. Your headbutt misses Edmund.
Edmund is heavily wounded.
Edmund hits you with a +1 dire flail of protection!
You hit Edmund. You headbutt Edmund!
Edmund is severely wounded.
Edmund hits you with a +1 dire flail of protection!
Edmund closely misses you.
You barely miss Edmund.
Edmund is severely wounded.
Edmund barely misses you.
You hit Edmund but do no damage.
Edmund is severely wounded.
Edmund hits you with a +1 dire flail of protection!
* * * LOW HITPOINT WARNING * * *
Edmund hits you with a +1 dire flail of protection.
* * * LOW HITPOINT WARNING * * *
Your skin crawls.
You feel strong-willed.
Edmund hits you with a +1 dire flail of protection.
* * * LOW HITPOINT WARNING * * *
You closely miss Edmund.
Edmund is severely wounded.
Edmund barely misses you. x2
You hit Edmund but do no damage.
Edmund is severely wounded.
Edmund closely misses you.
You hit Edmund but do no damage. Your headbutt misses Edmund.
Edmund is severely wounded.
Edmund closely misses you. You furiously retaliate!
You headbutt Edmund, but do no damage. Edmund hits you but does no damage.
You hit Edmund. You headbutt Edmund, but do no damage.
Edmund is severely wounded.
Edmund hits you with a +1 dire flail of protection!
You die...

############ ##..........#
#..########.# #..#....#[#.#
#..#.....@#.#
##..#..#.@.#.########**###*
#...#,,#...#.........,,,...
#######.#.#**#...#.#######.#.###.
...÷....#.#≈≈#...#.# #.#.#<#.
........#.#.,#.....#######.#(#.##
........#.#..#..........##.#.#.#.
....###.#.#......#..<...##.#.#.#.
....###.#.#..##..#......##.#.#.#.


You could see Edmund.

Vanquished Creatures
  Sigmund (D:4)
  A sky beast (D:4)
  A phantom (D:4)
  A hound (D:4)
  2 adders
  4 dart slugs
  An orc (D:4)
  8 endoplasms
  11 goblins
  7 hobgoblins
  10 jackals
  4 quokkas
  9 ball pythons
  7 bats
  8 kobolds
  5 rats
80 creatures vanquished.

Notes
Turn   | Place    | Note
-------+----------+-------------------------------------------
     0 | D:1      | sammy202020 the Minotaur Berserker began the quest for the
                  | Orb.
     0 | D:1      | Reached XP level 1. HP: 19/19 MP: 0/0
    33 | D:1      | Reached XP level 2. HP: 18/27 MP: 1/1
   274 | D:1      | Found a faded altar of an unknown god.
   633 | D:1      | Reached XP level 3. HP: 33/33 MP: 2/2
   830 | D:1      | Found Uvoef's Jewellery Shoppe.
  1403 | D:2      | Reached ** piety under Trog
  1894 | D:2      | Reached XP level 4. HP: 41/41 MP: 3/3
  2725 | D:3      | You fall into a shaft and drop 1 floor!
  2758 | D:4      | Reached *** piety under Trog
  2779 | D:4      | Noticed a sky beast
  2786 | D:4      | Killed a sky beast
  2787 | D:4      | Reached skill level 5 in Fighting
  2787 | D:4      | Reached skill level 5 in Axes
  2787 | D:4      | Reached XP level 5. HP: 40/48 MP: 4/4
  2968 | D:4      | Noticed a phantom
  2985 | D:4      | Killed a phantom
  2986 | D:4      | Reached XP level 6. HP: 39/56 MP: 5/5
  3194 | D:4      | Noticed Sigmund
  3216 | D:4      | Killed Sigmund
  3217 | D:4      | Reached skill level 5 in Armour
  3227 | D:4      | Noticed Edmund
  3241 | D:4      | Slain by Edmund

Illustrated notes

Levels and vault maps discovered:
D:1:      dpeg_arrival_tiny_c, layout_basic,
          shapermc_ecumenical_altar_mp_highgroup, serial_shops,
          nicolae_shop_stone
D:2:      minmay_angry_zag, layout_rooms, serial_park_tiny_2
D:3:      layout_basic
D:4:      layout_basic, gammafunk_ghost_grave, sigmund_edmund_badplayer,
          uniq_sigmund

Skill      XL: |  1  2  3  4  5  6 |
---------------+-------------------+-----
Fighting       | 4 5 |  5.8
Axes           | 4 5 |  5.9
Armour         | 3 4 5 |  5.1
Dodging        | 3 |  3.5

Action                   |  1- 3 |  4- 6 || total
-------------------------+-------+-------++-------
Melee: Hand axe          |   105 |    94 ||   199
       Headbutt          |    15 |    20 ||    35
       Punch             |     1 |       ||     1
Invok: Trog's Hand       |       |     2 ||     2
       Berserk           |       |     1 ||     1
  Use: Scroll            |     7 |     6 ||    13
Armor: Chain mail        |    23 |       ||    23
       Animal skin       |     3 |       ||     3
       Scale mail        |    14 |    27 ||    41
Dodge: Dodged            |    57 |    43 ||   100

Table legend: (Time is in decaauts)
 A = Elapsed time spent in this place.
 B = Non-inter-level travel time spent in this place.
 C = Inter-level travel time spent in this place.
 D = Time resting spent in this place.
 E = Time spent auto-exploring this place.
 F = Levels seen in this place.
 G = Mean time per level.
                   A        B        C        D        E       F      G
               +--------+--------+--------+--------+--------+-----+--------+
         Total |   3263 |   3206 |     57 |      0 |   2555 |   4 |  815.8 |
       Dungeon |   3263 |   3206 |     57 |      0 |   2555 |   4 |  815.8 |
               +--------+--------+--------+--------+--------+-----+--------+

Top non-repeatable levels by time:
     D:1: 1362 daAuts
     D:2: 715 daAuts
     D:3: 659 daAuts
     D:4: 526 daAuts
